 Dungeon Crawl Stone Soup version 0.29-a0-344-ge2f44be95a (webtiles) character file.

Game seed: 2360963883395409211

3115 Murumi the Slasher (level 9, -15/75 HPs)
             Began as a Demigod Fighter on Apr 22, 2022.
             Demolished by a boulder beetle (41 damage)
             ... on level 8 of the Dungeon.
             The game lasted 00:22:11 (7793 turns).

Murumi the Slasher (Demigod Fighter)                Turns: 7793, Time: 00:22:12

Health: -15/75     AC: 19    Str: 17    XL:     9   Next: 34%
Magic:  11/11      EV: 14    Int: 10    God:
Gold:   480        SH: 13    Dex: 25    Spells: 8/8 levels left

rFire   + . .      SeeInvis +   l - +2 double sword (protect)
rCold   . . .      Faith    .   c - +1 buckler
rNeg    . . .      Spirit   .   x - +0 chain mail
rPois   .          Reflect  +   r - +0 helmet
rElec   +          Harm     .   (no cloak)
rCorr   .          Rampage  .   u - +0 pair of gloves
Will    .....                   (no boots)
Stlth   ..........              j - amulet "Meloy" {Reflect rElec SH+5 SInv}
HPRegen 0.22/turn               f - +4 ring of evasion
MPRegen 0.12/turn               i - ring of protection from fire

@: under a protective aura
A: high MP 1, forlorn, divine attributes
a: no special abilities


You were on level 8 of the Dungeon.
You visited 1 branch of the dungeon, and saw 8 of its levels.

You collected 480 gold pieces.

Inventory:

Hand Weapons
 a - a +1 long sword
 l - a +2 double sword of protection (weapon)
Missiles
 t - 5 throwing nets (quivered)
Armour
 c - a +1 buckler (worn)
 r - a +0 helmet (worn)
 u - a +0 pair of gloves (worn)
 x - a +0 chain mail (worn)
Jewellery
 f - a +4 ring of evasion (left hand)
 i - a ring of protection from fire (right hand)
 j - the amulet "Meloy" (around neck) {Reflect rElec SH+5 SInv}
   (You took it off an orc on level 7 of the Dungeon)

   [amulet of reflection]

   It reflects blocked missile attacks.
   rElec:     It insulates you from electricity.
   SInv:      It lets you see invisible.
   SH:        It affects your SH (+5).
 s - a ring of protection from fire
Wands
 h - a wand of flame (37)
 m - a wand of polymorph (15)
Scrolls
 q - a scroll of silence
 v - 2 scrolls of teleportation
 y - 2 scrolls of enchant armour
Potions
 b - a potion of heal wounds
 d - a potion of might
 e - 2 potions of resistance
 g - a potion of flight
 k - 4 potions of curing
 n - a potion of cancellation {unknown}
 o - a potion of invisibility
 p - 2 potions of mutation {unknown}
 w - a potion of haste {unknown}
 z - a potion of brilliance {unknown}


   Skills:
 - Level 6.0 Fighting
 - Level 6.0 Long Blades
 + Level 5.3 Armour
 - Level 5.0 Dodging
 - Level 3.0 Stealth
 - Level 6.0 Shields
 - Level 2.0 Evocations


You had 8 spell levels left.
You didn't know any spells.
Your spell library contained the following spells:

 Spells                   Type           Power      Damage    Failure   Level
 Shock                    Conj/Air       0%         1d3       99%         1
 Slow                     Hex            0%         N/A       99%         1
 Corpse Rot               Necr/Air       0%         N/A       100%        2
 Poisonous Vapours        Pois/Air       0%         N/A       100%        2
 Confusing Touch          Hex            0%         N/A       100%        3
 Ozocubu's Armour         Ice            0%         N/A       100%        3
 Swiftness                Air            0%         N/A       100%        3
 Vampiric Draining        Necr           0%         2d6       100%        3
 Airstrike                Air            0%         N/A       100%        4
 Ozocubu's Refrigeration  Ice            0%         4d5       100%        7


Dungeon Overview and Level Annotations

Branches:
Dungeon (8/15)             Temple (0/1) D:5
   Lair: D:8-11

Shops:
D:2 (   D:5 :   D:7 :


Innate Abilities, Weirdness & Mutations

You have an increased reservoir of magic. (+10% MP)
You shall have no god before yourself.
Your divine heritage dramatically boosts your attributes as you level up.


Message History

The boulder beetle waves its antennae.
You block the boulder beetle's attack.
The boulder beetle leaps!
You barely miss the lemure.
The lemure is almost dead.
You block the lemure's attack.
You closely miss the lemure.
The lemure is almost dead.
You block the lemure's attack.
You slash the lemure!
You kill the lemure!
That felt strangely unrewarding.
The boulder beetle leaps!
You start resting.
You feel a little less mighty now.
You start resting.
A boulder beetle is nearby!
You start resting.
A boulder beetle is nearby!
The boulder beetle curls into a ball and begins rolling!
The boulder beetle barely misses you.
The boulder beetle stops rolling and uncurls.
You slash the boulder beetle!
Your weapon exudes an aura of protection.
The boulder beetle is lightly wounded.
The boulder beetle bites you!
You slash the boulder beetle!
The boulder beetle is moderately wounded.
You block the boulder beetle's attack.
You slash the boulder beetle!
The boulder beetle is heavily wounded.
The boulder beetle leaps!
The boulder beetle curls into a ball and begins rolling!
You start resting.
A boulder beetle is nearby!
You slash the boulder beetle!
Your weapon exudes an aura of protection.
The boulder beetle is heavily wounded.
The boulder beetle hits you!!!
Ouch! That really hurt!
You die...

..........# ..#.. ..#.........
.###......# ####B#.# ###.#.......
.....#.#..###....#.# #...........
...................###.#.#.######
.###.#<....#...B....○○...#.# .#
#.####..#....##.###°..#.###### .
... #..#....##.# #B..........
##.# #..#.#####°###○.##.######
#+# #.†.....@B..##○.##.#
......##.####..........# .....
#.# #...###.##.# .... ..# #...#
#.##.# ... #### #...# ###### ..
...... . ......## ###..... ......


You could see a boulder beetle (rolling).

Vanquished Creatures
  A wraith (D:6)
  A wyvern (D:7)
  A steam dragon (D:8)
  3 water moccasins (D:7)
  2 orc warriors (D:6)
  A black bear (D:6)
  An ogre (D:7)
  2 ice beasts
  2 centaurs (D:6)
  2 phantoms
  A lemure (D:8)
  A kobold brigand (D:8)
  2 bullfrogs (D:7)
  A scorpion (D:7)
  5 killer bees (D:8)
  4 howler monkeys (D:7)
  2 hounds
  A jelly (D:4)
  7 orc priests
  Jessica (D:3)
  3 gnoll shamans
  An iguana (D:4)
  7 orc wizards
  2 adders
  14 gnolls
  A shadow imp (D:6)
  A white imp (D:4)
  2 ufetubi
  A dart slug (D:5)
  32 orcs
  5 ball pythons
  8 endoplasms
  2 giant cockroaches
  5 goblins
  2 hobgoblins
  4 jackals (D:1)
  14 kobolds
  A quokka (D:1)
  4 bats
  2 frilled lizards
  5 rats
157 creatures vanquished.

Notes
Turn   | Place    | Note
-------+----------+-------------------------------------------
     0 | D:1      | Murumi the Demigod Fighter began the quest for the Orb.
     0 | D:1      | Reached XP level 1. HP: 18/18 MP: 3/3
   198 | D:1      | Reached XP level 2. HP: 21/26 MP: 4/4
   777 | D:1      | Reached skill level 1 in Dodging
  1051 | D:2      | Found Fonean's Weapon Shoppe.
  1065 | D:2      | Reached XP level 3. HP: 26/31 MP: 5/5
  1354 | D:2      | Reached skill level 1 in Stealth
  1940 | D:3      | Identified a scroll of acquirement
  1940 | D:3      | Acquired a +2 double sword of protection
  2394 | D:3      | Noticed Jessica
  2401 | D:3      | Killed Jessica
  2402 | D:3      | Reached skill level 1 in Evocations
  2402 | D:3      | Reached XP level 4. HP: 35/38 MP: 6/6
  2696 | D:4      | Noticed a phantom
  2701 | D:4      | Killed a phantom
  2702 | D:4      | Reached XP level 5. HP: 45/45 MP: 7/7
  3137 | D:4      | Identified the +9 flail of Demonkind {protect, rN+ Will+}
  3393 | D:5      | Entered Level 5 of the Dungeon
  3473 | D:5      | Reached XP level 6. HP: 43/51 MP: 8/8
  4048 | D:5      | Found a staircase to the Ecumenical Temple.
  4183 | D:5      | Found Ceil's Book Shoppe.
  4333 | D:6      | Reached XP level 7. HP: 57/59 MP: 9/9
  4570 | D:6      | Reached skill level 5 in Long Blades
  4819 | D:6      | Noticed a wraith
  4830 | D:6      | Killed a wraith
  4831 | D:6      | Reached skill level 5 in Fighting
  4831 | D:6      | Reached XP level 8. HP: 64/68 MP: 10/10
  4961 | D:6      | Reached skill level 5 in Shields
  5745 | D:7      | Reached skill level 5 in Armour
  5989 | D:7      | Reached skill level 5 in Dodging
  6207 | D:7      | Identified the amulet "Meloy" {Reflect rElec SH+5 SInv}
  6237 | D:7      | Reached XP level 9. HP: 47/74 MP: 11/11
  6548 | D:7      | Found Bofu's Book Shoppe.
  7240 | D:8      | Noticed a boulder beetle
  7793 | D:8      | Demolished by a boulder beetle

Illustrated notes

Levels and vault maps discovered:
D:1:      dpeg_arrival_arbitrary_b, layout_loops_ring,
          hellmonk_ecumenical_altar_prayer_group, corexii_leaking_fountain
D:2:      layout_basic, serial_shops, shop
D:3:      layout_loops_ring, mainiacjoe_overflow_divided_tiny, minmay_ruptured,
          uniq_jessica
D:4:      layout_basic
D:5:      layout_rooms, amcnicky_altar_gilded, minmay_temple_entry_butterflies,
          serial_shops, nicolae_shop_behind_doors
D:6:      layout_basic
D:7:      layout_basic, serial_shops, nicolae_shop_stone
D:8:      layout_basic, uniq_pikel

Skill      XL: |  1  2  3  4  5  6  7  8  9 |
---------------+----------------------------+-----
Long Blades    | 2 3 4 5 6 |  6.0
Fighting       | 3 4 5 6 |  6.0
Armour         | 3 4 5 |  5.3
Shields        | 3 4 5 6 |  6.0
Dodging        | 1 2 3 4 5 |  5.0
Stealth        | 1 2 3 |  3.0
Evocations     | 1 2 |  2.0

Action                   |  1- 3 |  4- 6 |  7- 9 || total
-------------------------+-------+-------+-------++-------
Melee: Long sword        |   126 |       |       ||   126
       Double sword      |    21 |    78 |   260 ||   359
  Use: Scroll            |    12 |     2 |     4 ||    18
       Potion            |       |       |     4 ||     4
Armor: Scale mail        |    55 |    25 |    19 ||    99
       Chain mail        |       |       |    70 ||    70
Dodge: Dodged            |    81 |    67 |   134 ||   282
Block: Buckler           |    35 |    32 |   125 ||   192
       Reflection        |       |       |     2 ||     2

Table legend: (Time is in decaauts)
 A = Elapsed time spent in this place.
 B = Non-inter-level travel time spent in this place.
 C = Inter-level travel time spent in this place.
 D = Time resting spent in this place.
 E = Time spent auto-exploring this place.
 F = Levels seen in this place.
 G = Mean time per level.
                   A        B        C        D        E       F      G
               +--------+--------+--------+--------+--------+-----+--------+
         Total |   7978 |   7323 |    655 |    987 |   4949 |   8 |  997.2 |
       Dungeon |   7978 |   7323 |    655 |    987 |   4949 |   8 |  997.2 |
               +--------+--------+--------+--------+--------+-----+--------+

Top non-repeatable levels by time:
     D:6: 1653 daAuts
     D:7: 1329 daAuts
     D:1: 1028 daAuts
     D:3: 975 daAuts
     D:4: 928 daAuts
     D:2: 807 daAuts
     D:5: 672 daAuts
     D:8: 583 daAuts
